 Dungeon Crawl Stone Soup version 0.26.1-2-gb8aa6d0cf2 (webtiles) character file.

Game seed: 7924447306622626187

65 Gadfly the Charlatan (level 3, -6/35 HPs)
             Began as a Troll Artificer on Feb 24, 2021.
             Mangled by a hornet (14 damage)
             ... while paralysed by a hornet
             ... on level 3 of the Dungeon on Feb 25, 2021.
             The game lasted 00:03:14 (1780 turns).

Gadfly the Charlatan (Troll Artificer)              Turns: 1780, Time: 00:03:14

Health: -6/35      AC:  7    Str: 21    XL:     3   Next: 92%
Magic:  2/2        EV:  1    Int:  7    God:
Gold:   162        SH:  0    Dex: 10    Spells: 2/2 levels left

rFire    . . .     SeeInvis .   a - +0 mace
rCold    . . .     Faith    .   (no shield)
rNeg     . . .     Spirit   .   j - +1 robe
rPois    .         Reflect  .   (helmet restricted)
rElec    .         Harm     .   (no cloak)
rCorr    .         Rampage  .   (gloves unavailable)
Will     .....                  (boots unavailable)
Stlth    +.........             (no amulet)
HPRegen  0.51/turn              (no ring)
MPRegen  0.08/turn              (no ring)

@: paralysed, slowed
A: large, unfitting armour, claws 3, regeneration 1, shaggy fur 1, tough skin 3
a: no special abilities


You were on level 3 of the Dungeon.
You visited 1 branch of the dungeon, and saw 3 of its levels.

You collected 162 gold pieces.

Inventory:

Hand Weapons
 a - a +0 mace (weapon)
 b - a +0 morningstar
Armour
 j - a +1 robe (worn)
 m - a +1 robe of willpower
Wands
 c - a wand of flame (15) (quivered)
 d - a wand of enslavement (15)
 e - a wand of random effects (15)
 n - a wand of digging (2)
Scrolls
 g - a scroll of remove curse
 i - a scroll of enchant armour
 k - 2 scrolls of magic mapping
Potions
 f - 2 potions of curing
 h - a potion of berserk rage
 l - a potion of heal wounds {unknown}


   Skills:
 * Level 1.6 Fighting
 * Level 1.7 Maces & Flails
 * Level 1.4 Armour
 - Level 1.9 Dodging
 - Level 0.3 Stealth
 + Level 2.2 Evocations


You had 2 spell levels left.
You didn't know any spells.
Your spell library was empty.

Dungeon Overview and Level Annotations

Branches:
Dungeon (3/15)

Altars:


Innate Abilities, Weirdness & Mutations

You are too large for most types of armour.
You have claws for hands.
Your natural rate of healing is unusually fast.
You are covered in fur. (AC +1)
You have extremely tough skin. (AC +3)


Message History

You shrug off the repeated paralysis!
You can move again.
Okay, then.
You feel better. The hornet closely misses you. The hornet barely misses you.
You miss the hornet. The hornet barely misses you.
The hornet stings you but does no damage.
You hit the hornet but do no damage. The hornet stings you!
You feel yourself slow down.
You closely miss the hornet.
You feel yourself speed up. The hornet stings you!
* * * LOW HITPOINT WARNING * * *
You feel yourself slow down. The hornet misses you. The hornet stings you.
* * * LOW HITPOINT WARNING * * *
You are poisoned.
You feel as though you will be slow longer.
You feel better. The hornet stings you.
* * * LOW HITPOINT WARNING * * *
You suddenly lose the ability to move!
The hornet stings you!
You die...

## #.. #.# #.#
######.#
.......#######.#.#.
#######<..ry@.?$....
#
#...##......###.#.#$
#.#...##...##.....
##.#...##...#######
#..............#
##..........[.....
...............###
#####.<.##....##
#.$.##....#


You could see a hornet and a rat.

Vanquished Creatures
  2 adders (D:2)
  A dart slug (D:1)
  3 worms (D:2)
  2 ball pythons (D:1)
  4 bats (D:2)
  A giant cockroach (D:1)
  6 goblins
  4 hobgoblins
  2 frilled lizards
  8 kobolds
  4 rats
37 creatures vanquished.

Notes
Turn   | Place    | Note
-------+----------+-------------------------------------------
     0 | D:1      | Gadfly the Troll Artificer began the quest for the Orb.
     0 | D:1      | Reached XP level 1. HP: 18/18 MP: 0/0
   236 | D:1      | Reached skill level 1 in Fighting
   353 | D:1      | Reached XP level 2. HP: 27/27 MP: 1/1
   543 | D:1      | Reached skill level 1 in Maces & Flails
   812 | D:2      | Reached skill level 1 in Armour
  1027 | D:2      | Reached XP level 3. HP: 33/33 MP: 2/2
  1765 | D:3      | Noticed a hornet
  1770 | D:3      | Paralysed by a hornet for 1 turns
  1774 | D:3      | Paralysed by a hornet for 2 turns
  1780 | D:3      | Paralysed by a hornet for 3 turns
  1780 | D:3      | Mangled by a hornet

Illustrated notes

Levels and vault maps discovered:
D:1:      giann_forest_graveyard, layout_basic
D:2:      minmay_general_purpose_star, layout_loops_cross, corexii_corridor_pit
D:3:      layout_loops_ring

Skill      XL: |  1  2 |
---------------+-------+-----
Fighting       | 1 |  1.6
Maces & Flails | 1 |  1.7
Armour         | 1 |  1.4
Dodging        | |  1.9
Stealth        | |  0.3
Evocations     | |  2.2

Action                   || total
-------------------------++-------
Melee: Club              ||    43
       Mace              ||    87
       Morningstar       ||    18
  Use: Scroll            ||     7
       Potion            ||     2
Armor: Robe              ||    86
Dodge: Dodged            ||   112
